 Dungeon Crawl Stone Soup version 0.19.1 (webtiles) character file.

28210 Blackhawk the Tortoise (level 13, 0/95 HPs)
             Began as a Minotaur Berserker on Mar 9, 2017.
             Was the Champion of Trog.
             Slain by a catoblepas (8 damage)
             ... on level 14 of the Dungeon on May 4, 2017.
             The game lasted 00:53:22 (17463 turns).

Blackhawk the Tortoise (Minotaur Berserker)        Turns: 17463, Time: 00:53:23

Health: 0/95       AC: 22    Str: 25    XL:     13   Next: 8%
Magic:  12/12      EV:  2    Int:  4    God:    Trog [******]
Gold:   409        SH:  0    Dex: 14    Spells: 0 memorised, 12 levels left

rFire  . . .     SeeInvis .     B - +1 mace (venom)
rCold  + . .     Gourm    .     p - +7 Kryia's mail coat {DeviceHeal*2 rC+}
rNeg   + + +     Faith    .     (no shield)
rPois  ∞         Spirit   .     (helmet restricted)
rElec  .         Reflect  +     (no cloak)
rCorr  .         Harm     .     (no gloves)
MR     +....                    A - +2 pair of boots
Stlth  ..........               T - +5 amulet of reflection
                                C - ring of protection from magic
                                I - +2 ring of dexterity

@: petrified, studying Crossbows
A: retaliatory headbutt, horns 2
a: Berserk, Trog's Hand, Brothers in Arms, Burn Spellbooks, Renounce Religion


You were on level 14 of the Dungeon.
You worshipped Trog.
Trog was exalted by your worship.
You were not hungry.

You visited 1 branch of the dungeon, and saw 14 of its levels.

You collected 992 gold pieces.
You spent 583 gold pieces at shops.

Inventory:

Hand Weapons
 g - a +0 mace
 q - a +2 flail of draining
 w - a +2 dire flail of crushing
 B - a +1 mace of venom (weapon)
 F - a +2 hunting sling of flaming
Missiles
 d - 389 stones (quivered)
Armour
 j - a +0 chain mail
 p - the +7 Kryia's mail coat (worn) {DeviceHeal*2 rC+}
   (You bought it in a shop on level 7 of the Dungeon)

   It protects you from cold.
 A - a +2 pair of boots (worn)
Jewellery
 C - a ring of protection from magic (right hand)
 I - a +2 ring of dexterity (left hand)
 T - a +5 amulet of reflection (around neck)
Scrolls
 a - 3 scrolls of blinking {unknown}
 b - 2 scrolls of vulnerability {unknown}
 i - 8 scrolls of remove curse {unknown}
 s - 3 scrolls of teleportation {unknown}
 y - a scroll of enchant armour {unknown}
 D - 2 scrolls of immolation {unknown}
 G - 9 scrolls of identify
 J - a scroll of fog {unknown}
 M - 3 scrolls of amnesia {unknown}
 P - 2 scrolls of recharging
 S - 3 scrolls of enchant weapon {unknown}
 U - 3 scrolls of fear {unknown}
Potions
 e - 5 potions of curing
 h - 5 potions of heal wounds {unknown}
 k - 3 potions of magic {unknown}
 m - a potion of brilliance {unknown}
 r - a potion of agility {unknown}
 t - 3 potions of ambrosia {unknown}
 u - 4 potions of lignification {unknown}
 v - 3 potions of degeneration {unknown}
 x - a potion of invisibility {unknown}
 E - 6 potions of haste {unknown}
 H - 2 potions of flight {unknown}
 K - a potion of might {unknown}
Books
 W - a manual of Crossbows
Comestibles
 c - 7 bread rations
 f - 3 fruits
 l - 9 meat rations
 n - 7 royal jellies
 o - 5 beef jerkies


   Skills:
 - Level 3.6 Fighting
 - Level 15.3 Maces & Flails
 - Level 1.4 Slings
 * Level 19.6 Armour
 - Level 2.1 Dodging
 - Level 0.5 Stealth


You had 12 spell levels left.
You didn't know any spells.

Dungeon Overview and Level Annotations

Branches:
Dungeon (14/15)            Temple (0/1) D:4            Lair (0/6) D:8
    Orc (0/2) D:10         Vaults (0/5) D:13

Altars:
Ashenzari
Cheibriados
Elyvilon
Gozag
Hepliaklqana
Makhleb
Okawaru
Qazlal
Sif Muna
Trog
Uskayaw
Zin
The Shining One

Shops:
D:7 (*[(

Annotations:
D:12 3 runed doors


Innate Abilities, Weirdness & Mutations

You reflexively headbutt those who attack you in melee.
You have a pair of horns on your head.


Message History

The catoblepas gores you.
* * * LOW HITPOINT WARNING * * *
The catoblepas breathes a plume of calcifying dust at you.
The blast of calcifying dust hits you!
You are engulfed in calcifying dust.
The catoblepas gores you but does no damage.
You are engulfed in calcifying dust.
The wight hits you but does no damage. The catoblepas gores you.
* * * LOW HITPOINT WARNING * * *
You are engulfed in calcifying dust.
The wight barely misses you. The catoblepas gores you!!
* * * LOW HITPOINT WARNING * * *
You are engulfed in calcifying dust.
The catoblepas gores you but does no damage.
You are engulfed in calcifying dust.
The catoblepas gores you!
* * * LOW HITPOINT WARNING * * *
The wight hits you with a great sword.
* * * LOW HITPOINT WARNING * * *
The wight hits you but does no damage. The catoblepas gores you!
You die...

#....# #....# .# #....# .#
#....# .# +##.).<# #### .#
.......##########..# .#
...................# .# #####
......^.........zz.##'#......
..............§.@Ya.z........
...............#####'#.......
...............# .......
.............).+ .......
###########....# .......
#.....# ....... #.....#
....... #....... .......
#..######


You could see a catoblepas, a worker ant and 3 wights.

Vanquished Creatures
  Rupert (D:12)
  A hydra (D:12)
  3 centaur warriors
  The ghost of uk87 the Spry, a novice MiCK of Xom (D:10)
  2 wizards
  5 hill giants
  Pikel (D:4)
  3 ugly things (D:13)
  A necromancer (D:13)
  An orc knight (D:13)
  An orc sorcerer (D:13)
  A manticore (D:13)
  A kobold demonologist (D:12)
  A komodo dragon (D:13)
  A queen bee (D:9)
  A two-headed ogre (shapeshifter) (D:9)
  2 trolls
  Prince Ribbit (D:7)
  8 slime creatures
  3 two-headed ogres
  3 hippogriffs
  3 shadows
  A wyvern (D:9)
  A water elemental (D:12)
  2 wraiths (D:12)
  13 yaks
  3 hungry ghosts
  A warg (D:10)
  3 vampire mosquitoes (D:13)
  A steam dragon (D:9)
  A mottled dragon (D:11)
  A sky beast (D:5)
  12 ice beasts
  5 orc warriors
  2 black bears (D:9)
  2 phantoms
  6 centaurs
  6 ogres
  10 bullfrogs
  Dowan (D:4)
  3 scorpions
  A water moccasin skeleton (D:7)
  33 killer bees
  5 wights (D:11)
  5 howler monkeys
  7 crimson imps
  4 jellies
  4 hounds
  2 bullfrog zombies
  Crazy Yiuf (D:7)
  5 bullfrog skeletons
  3 centaur skeletons
  11 orc priests
  A centaur zombie (D:9)
  12 orc wizards
  Jessica (D:2)
  Terence (D:3)
  5 iguanas
  11 worker ants
  A killer bee zombie (D:8)
  A hound zombie (D:6)
  A howler monkey zombie (D:10)
  7 gnolls
  13 adders
  4 shadow imps
  An ooze (D:1)
  An adder zombie (D:4)
  2 adder skeletons (D:4)
  A worm (D:5)
  4 dart slugs
  6 leopard geckos
  50 orcs
  5 giant cockroaches
  7 goblins
  8 hobgoblins
  18 jackals
  5 kobolds
  6 quokkas
  2 ball pythons
  4 bats
  6 frilled lizards
  2 hobgoblin zombies (D:8)
  A jackal skeleton (D:4)
  A kobold skeleton (D:8)
  A kobold zombie (D:8)
  A leopard gecko zombie (D:3)
  2 orc zombies (D:8)
  A quokka zombie (D:9)
  7 rats
400 creatures vanquished.

Vanquished Creatures (others)
  Duvessa (D:4)
  2 slaves (D:4)
  A sky beast (D:9)
  A bullfrog skeleton (D:11)
  An adder (D:4)
  2 orcs
  A frilled lizard (D:4)
  2 plants (D:8)
11 creatures vanquished.

Grand Total: 411 creatures vanquished

Notes
Turn   | Place    | Note
-------+----------+-------------------------------------------
     0 | D:1      | Blackhawk the Minotaur Berserker began the quest for the Orb.
     0 | D:1      | Reached XP level 1. HP: 19/19 MP: 0/0
   332 | D:1      | Reached XP level 2. HP: 21/26 MP: 1/1
   811 | D:1      | Reached skill level 5 in Maces & Flails
   837 | D:1      | Reached XP level 3. HP: 24/31 MP: 2/2
  1435 | D:2      | Reached ** piety under Trog
  1514 | D:2      | Reached XP level 4. HP: 36/39 MP: 3/3
  1632 | D:2      | Noticed Jessica
  1638 | D:2      | Killed Jessica
  1907 | D:3      | Noticed Terence
  1918 | D:3      | Killed Terence
  1918 | D:3      | Reached skill level 1 in Slings
  1918 | D:3      | Reached XP level 5. HP: 45/45 MP: 4/4
  1961 | D:3      | Found a shattered altar of Ashenzari.
  2031 | D:3      | Found a hide-covered altar of Uskayaw.
  2675 | D:4      | Noticed a phantom
  2684 | D:4      | Noticed Pikel
  2685 | D:4      | Noticed a slave
  2686 | D:4      | Noticed a slave
  2687 | D:4      | Noticed a slave
  2687 | D:4      | Noticed a slave
  2688 | D:4      | Noticed Duvessa
  2691 | D:4      | Noticed Dowan
  2701 | D:4      | Killed Pikel
  2701 | D:4      | Reached skill level 10 in Maces & Flails
  2701 | D:4      | Reached XP level 6. HP: 39/51 MP: 5/5
  2701 | D:4      | Reached XP level 7. HP: 43/57 MP: 6/6
  2706 | D:4      | Killed Duvessa
  2736 | D:4      | Killed Dowan
  3055 | D:4      | Found a staircase to the Ecumenical Temple.
  3141 | D:4      | Found a snail-covered altar of Cheibriados.
  3192 | D:4      | Reached XP level 8. HP: 64/64 MP: 7/7
  3205 | D:4      | Reached *** piety under Trog
  3440 | D:4      | Found a stormy altar of Qazlal.
  3446 | D:4      | Found a deep blue altar of Sif Muna.
  3451 | D:4      | Found a burning altar of Makhleb.
  3638 | D:5      | Entered Level 5 of the Dungeon
  3665 | D:5      | Found a sand-covered staircase.
  4450 | D:5      | Found an iron altar of Okawaru.
  4451 | D:5      | Found a hazy altar of Hepliaklqana.
  4484 | D:5      | Found a glowing silver altar of Zin.
  4485 | D:5      | Found a bloodstained altar of Trog.
  5215 | D:6      | Reached **** piety under Trog
  5457 | D:6      | Reached XP level 9. HP: 70/70 MP: 8/8
  5679 | D:7      | Found Jirphoz's Weapon Shoppe.
  5679 | D:7      | Found Tadgh's Armour Shoppe.
  5850 | D:7      | Found a runed door.
  5914 | D:7      | Found Gorikkown's Weapon Shoppe.
  5980 | D:7      | Noticed Prince Ribbit
  6001 | D:7      | Killed Prince Ribbit
  6332 | D:7      | Found Tihahuuf's General Store.
  6427 | D:7      | Noticed Crazy Yiuf
  6430 | D:7      | Killed Crazy Yiuf
  6574 | D:8      | Found a glowing golden altar of the Shining One.
  6700 | D:8      | Found a white marble altar of Elyvilon.
  6809 | D:8      | Received a gift from Trog
  6809 | D:8      | Reached skill level 15 in Maces & Flails
  7123 | D:8      | Found a staircase to the Lair.
  7201 | D:8      | Noticed a komodo dragon
  7381 | D:8      | Reached skill level 3 in Armour
  7581 | D:9      | Reached skill level 4 in Armour
  7636 | D:9      | Reached skill level 5 in Armour
  7660 | D:9      | Reached skill level 6 in Armour
  7668 | D:9      | Found an opulent altar of Gozag.
  7702 | D:9      | You fall through a shaft!
  7702 | D:10     | Entered Level 10 of the Dungeon
  7730 | D:10     | Reached XP level 10. HP: 65/77 MP: 9/9
  7744 | D:10     | Found a staircase to the Orcish Mines.
  7894 | D:10     | Reached skill level 7 in Armour
  7979 | D:10     | Reached skill level 8 in Armour
  8394 | D:10     | Reached skill level 9 in Armour
  8680 | D:10     | Noticed uk87's ghost (novice MiCK)
  8699 | D:10     | Killed uk87's ghost
  8699 | D:10     | Reached skill level 10 in Armour
  8760 | D:10     | Reached ***** piety under Trog
  8927 | D:10     | Reached skill level 11 in Armour
  9378 | D:11     | Noticed a hill giant
  9389 | D:11     | Killed a hill giant
  9389 | D:11     | Reached skill level 12 in Armour
  9852 | D:9      | Reached XP level 11. HP: 78/82 MP: 10/10
  9906 | D:9      | Received a gift from Trog
  9939 | D:9      | Reached skill level 13 in Armour
 10479 | D:9      | Found Koeblaol's General Store.
 10715 | D:9      | Noticed a wizard
 10717 | D:9      | Noticed a centaur warrior
 10725 | D:9      | Killed a wizard
 10730 | D:9      | Killed a centaur warrior
 10730 | D:9      | Reached skill level 14 in Armour
 11476 | D:7      | Bought the +7 Kryia's mail coat {DeviceHeal*2 rC+} for 583 gold pieces
 12039 | D:12     | Reached skill level 15 in Armour
 12799 | D:12     | Noticed Rupert
 12824 | D:12     | Killed Rupert
 12824 | D:12     | Reached skill level 16 in Armour
 13159 | D:12     | Reached XP level 12. HP: 62/90 MP: 11/11
 13505 | D:12     | Found a runed gate.
 13505 | D:12     | Found a runed gate.
 13505 | D:12     | Found a runed gate.
 13516 | D:12     | Noticed a storm dragon
 13520 | D:12     | Noticed a deep elf high priest
 13524 | D:12     | Noticed an ettin
 13526 | D:12     | Noticed a six-headed hydra
 14330 | D:12     | Noticed a four-headed hydra
 14337 | D:12     | Received a gift from Trog
 14348 | D:12     | Killed a four-headed hydra
 14348 | D:12     | Reached skill level 17 in Armour
 15564 | D:13     | Found a gate to the Vaults.
 15786 | D:13     | Reached ****** piety under Trog
 15828 | D:13     | Reached skill level 18 in Armour
 16215 | D:13     | Noticed a centaur warrior
 16233 | D:13     | Killed a centaur warrior
 16568 | D:13     | Reached skill level 19 in Armour
 16935 | D:13     | Received a gift from Trog
 16946 | D:13     | Reached XP level 13. HP: 95/95 MP: 12/12
 17463 | D:14     | Slain by a catoblepas

Skill      XL: |  1  2  3  4  5  6  7  8  9 10 11 12 |
---------------+-------------------------------------+-----
Maces & Flails | 4 5 6 10 11 13 15 | 15.3
Slings         | 1 |  1.4
Armour         | 6 12 16 19 | 19.6
Fighting       | |  3.6
Dodging        | |  2.1
Stealth        | |  0.5

Action                   |  1- 3 |  4- 6 |  7- 9 | 10-12 | 13-15 || total
-------------------------+-------+-------+-------+-------+-------++-------
Melee: Mace              |    86 |    23 |   256 |   869 |    53 ||  1287
       Headbutt          |    12 |     8 |    35 |   207 |    15 ||   277
       Hunting sling     |       |    17 |     1 |       |       ||    18
 Fire: Hunting sling     |       |    81 |   167 |     1 |       ||   249
Invok: Berserk           |       |       |     2 |    11 |       ||    13
       Burn Spellbooks   |       |       |       |     1 |       ||     1
  Use: Scroll            |       |     4 |     1 |       |       ||     5
       Potion            |       |       |       |     1 |       ||     1
  Eat: Chunk             |     2 |     4 |    12 |    25 |     2 ||    45
       Bread ration      |       |       |     2 |     3 |       ||     5
       Royal jelly       |       |       |       |     1 |       ||     1
Armor: Animal skin       |     6 |       |       |       |       ||     6
       Chain mail        |    39 |    44 |   106 |   136 |       ||   325
       Scale mail        |       |       |       |   180 |    34 ||   214
Dodge: Dodged            |    47 |    25 |   146 |   322 |    31 ||   571
Block: Other             |       |       |       |   132 |     7 ||   139
       Reflection        |       |       |       |     4 |     1 ||     5
